 Dungeon Crawl Stone Soup version 0.25.0-46-gbd7b0854d2 (webtiles) character file.

Game seed: 10899222362288935589

202 BreadTh the Chopper (level 5, -3/46 HPs)
             Began as a Hill Orc Abyssal Knight on July 16, 2020.
             Was a Believer of Lugonu.
             Killed from afar by an orc wizard (5 damage)
             ... with a magic dart
             ... on level 3 of the Dungeon.
             The game lasted 00:09:04 (2405 turns).

BreadTh the Chopper (Hill Orc Abyssal Knight)       Turns: 2405, Time: 00:09:05

Health: -3/46      AC:  6    Str: 15    XL:     5   Next: 80%
Magic:  5/6        EV: 10    Int: 12    God:    Lugonu [**....]
Gold:   190        SH:  0    Dex: 11    Spells: 4/4 levels left

rFire    + + .     SeeInvis .   w - +0 war axe
rCold    . . .     Gourm    .   (no shield)
rNeg     . . .     Faith    .   n - +0 ring mail
rPois    .         Spirit   .   (no helmet)
rElec    .         Reflect  .   (no cloak)
rCorr    .         Harm     .   i - +0 pair of gloves
MR       .....                  (no boots)
Stlth    +.........             (no amulet)
HPRegen  0.15/turn              l - ring of protection from fire
MPRegen  0.10/turn              r - ring of protection from fire

@: no status effects
A: no striking features
a: Depart the Abyss, Bend Space, Renounce Religion


You were on level 3 of the Dungeon.
You worshipped Lugonu.
Lugonu was pleased with you.
You were not hungry.

You visited 1 branch of the dungeon, and saw 3 of its levels.
You visited the Abyss 1 time.

You collected 190 gold pieces.

Inventory:

Hand Weapons
 w - a +0 war axe (weapon)
Armour
 i - a +0 pair of gloves (worn)
 n - a +0 ring mail (worn)
Jewellery
 l - a ring of protection from fire (left hand)
 r - a ring of protection from fire (right hand)
Wands
 p - a wand of digging (4)
Scrolls
 e - a scroll of amnesia
 f - a scroll of magic mapping {unknown}
 g - 2 scrolls of identify {unknown}
 k - a scroll of enchant weapon {unknown}
 m - a scroll of blinking {unknown}
 q - 2 scrolls of teleportation {unknown}
 s - a scroll of enchant armour {unknown}
Potions
 d - a potion of stabbing {unknown}
 h - a potion of heal wounds {unknown}
 j - 2 potions of magic {unknown}
 o - a potion of degeneration {unknown}
 u - a potion of cancellation {unknown}
Comestibles
 c - 7 rations
 v - 12 chunks of flesh


   Skills:
 - Level 4.0 Fighting
 + Level 6.7 Axes
 - Level 3.0 Armour
 - Level 1.0 Dodging
 + Level 0.7 Stealth
 + Level 2.6 Invocations


You had 4 spell levels left.
You didn't know any spells.
Your spell library was empty.

Dungeon Overview and Level Annotations

Branches:
Dungeon (3/15)

Altars:
Cheibriados
Vehumet


Message History

You kill the orc!
Lugonu accepts your kill.
You feel sick.
The orc wizard hits you but does no damage.
The orc wizard hits you with a +4 dagger.
* * * LOW HITPOINT WARNING * * *
Space bends around you!
You blink.
The orc wizard casts a spell at you.
The magic dart hits you but does no damage.
You feel sick.
You feel sick. Space bends around you!
You blink.
* * * LOW HITPOINT WARNING * * *
You feel sick.
You are no longer poisoned.
The orc wizard casts a spell.
The orc wizard blinks!
The orc wizard gestures at you while chanting.
The magic dart hits you.
You die...

#. #.#### #....# #.##.#
#.##.## ###########
#.....# #...@.....#
#.....### #.........#
###.......###.........#
#)†.##................####
?)####...o.....##.........
.......o#...............).
..o####.#.......#.........
........#.o.....##........
...o##..#.................


You could see 2 orc wizards.

Vanquished Creatures
  An orc wizard (D:3)
  Natasha (thrice) (D:2)
  3 adders
  2 worms
  2 dart slugs
  4 leopard geckos
  6 orcs (D:3)
  2 giant cockroaches
  7 goblins
  6 hobgoblins
  2 quokkas (D:2)
  5 bats
  6 frilled lizards
  8 kobolds
  5 rats
62 creatures vanquished.

Notes
Turn   | Place    | Note
-------+----------+-------------------------------------------
     0 | Abyss:1  | BreadTh the Hill Orc Abyssal Knight began the quest for the
                  | Orb.
     0 | Abyss:1  | Reached XP level 1. HP: 19/19 MP: 2/2
    28 | Abyss:1  | Found a corrupted altar of Lugonu.
   108 | Abyss:1  | Noticed a rust devil
   114 | Abyss:1  | Noticed a vampire
   117 | D:1      | Escaped the Abyss
   444 | D:1      | Reached skill level 3 in Axes
   444 | D:1      | Reached XP level 2. HP: 23/27 MP: 3/3
   501 | D:1      | Found a snail-covered altar of Cheibriados.
   585 | D:1      | Reached * piety under Lugonu
   774 | D:1      | Reached skill level 1 in Dodging
   886 | D:2      | Reached XP level 3. HP: 33/33 MP: 4/4
   902 | D:2      | Found a radiant altar of Vehumet.
  1151 | D:2      | Reached skill level 4 in Axes
  1466 | D:2      | Found a faded altar of an unknown god.
  1474 | D:2      | Reached XP level 4. HP: 38/40 MP: 5/5
  1549 | D:2      | Reached ** piety under Lugonu
  1603 | D:2      | Noticed Natasha
  1608 | D:2      | Killed Natasha
  1608 | D:2      | Reached skill level 5 in Axes
  1893 | D:2      | Noticed Natasha
  1902 | D:2      | Killed Natasha
  1902 | D:2      | Reached XP level 5. HP: 35/46 MP: 6/6
  2041 | D:2      | Noticed Natasha
  2049 | D:2      | Killed Natasha
  2243 | D:3      | Reached skill level 6 in Axes
  2401 | D:3      | HP: 1/46 [poisoned by an adder]
  2405 | D:3      | Killed from afar by an orc wizard

Illustrated notes

Levels and vault maps discovered:
D:1:      arrival_zaba_pyramid, layout_rooms, nrook_uturn, cheibriados_altar_1
D:2:      layout_loops_corners, fiery_altar_vehumet, first_ration,
          chequers_ecumenical_altar_island, uniq_natasha
D:3:      layout_basic

Skill      XL: |  1  2  3  4  5 |
---------------+----------------+-----
Fighting       | 4 |  4.0
Axes           | 3 4 5 6 |  6.7
Dodging        | 1 |  1.0
Armour         | 3 |  3.0
Stealth        | |  0.7
Invocations    | |  2.6

Action                   |  1- 3 |  4- 6 || total
-------------------------+-------+-------++-------
Melee: Hand axe          |   110 |    56 ||   166
       War axe           |       |    30 ||    30
Invok: Depart the Abyss  |     1 |       ||     1
       Bend Space        |       |     2 ||     2
  Use: Scroll            |       |     2 ||     2
  Eat: Chunk             |     2 |     3 ||     5
Armor: Leather armour    |    11 |       ||    11
       Ring mail         |    25 |    38 ||    63
Dodge: Dodged            |    66 |    37 ||   103
